 Dungeon Crawl Stone Soup version 0.16-a0-4023-g001212b (webtiles) character file.

19515 BluebellGnoll the Protected (level 12, -5/112 HPs)
             Began as a Minotaur Gladiator on Feb 18, 2015.
             Was the Champion of Makhleb.
             Killed from afar by a molten gargoyle (13 damage)
             ... with a bolt of magma
             ... in a volcano.
             The game lasted 00:54:33 (13577 turns).

BluebellGnoll the Protected (Minotaur Gladiator)   Turns: 13577, Time: 00:54:33

Health: -5/112     AC: 14    Str: 24    XL:     12   Next: 37%
Magic:  22/22      EV: 11    Int:  5    God:    Makhleb [******]
Gold:   1255       SH:  0    Dex: 12    Spells: 0 memorised, 11 levels left

rFire  . . .     SeeInvis .     y - +1 war axe (drain)
rCold  + . .     Clarity  .     J - +0 scale mail (curse)
rNeg   . . .     SustAb   .     (no shield)
rPois  .         Gourm    .     c - +1 hat
rElec  .         Spirit   .     (no cloak)
rCorr  .         Warding  .     x - +2 pair of gloves
rMut   .         Rnd*Tele +     (no boots)
MR     +....                    (no amulet)
Stlth  ..........               H - ring of protection from cold
                                A - ring of protection from magic

@: somewhat resistant to hostile enchantments, extremely unstealthy
A: retaliatory headbutt, horns 2, teleportitis 1
a: Minor Destruction, Lesser Servant of Makhleb, Major Destruction, Greater
Servant of Makhleb, Renounce Religion


You were in a volcano.
You worshipped Makhleb.
Makhleb was exalted by your worship.
You were not hungry.

You visited 4 branches of the dungeon, and saw 18 of its levels.
You also visited: Sewer and Volcano.

You collected 1255 gold pieces.

Inventory:

Hand weapons
 a - a +4 war axe
 j - a +0 blowgun
 y - a +1 war axe of draining (weapon)
Missiles
 o - 5 curare-tipped needles
 q - 56 stones
 t - 17 tomahawks (quivered)
 z - 5 tomahawks of returning
Armour
 c - a +1 hat (worn)
 m - a +0 plate armour
 x - a +2 pair of gloves (worn)
 J - a cursed +0 scale mail (worn)
Jewellery
 b - an uncursed ring of teleportation
 h - an uncursed ring of wizardry
 A - a ring of protection from magic (left hand)
 H - a ring of protection from cold (right hand)
 I - an uncursed ring of protection from cold
Magical devices
 n - a wand of confusion (46)
 F - a wand of fire (0)
Scrolls
 p - 2 scrolls of immolation
 u - 4 scrolls of teleportation
 C - 2 scrolls of identify
 D - 4 scrolls of remove curse
Potions
 e - a potion of cancellation
 i - a potion of resistance
 l - 3 potions of agility
 r - a potion of mutation
 s - 8 potions of curing
 v - a potion of might
 w - 3 potions of flight
 M - 2 potions of haste
Comestibles
 f - 3 bread rations
 g - 6 meat rations


   Skills:
 - Level 12.2 Fighting
 - Level 10.5 Axes
 * Level 6.1 Throwing
 - Level 13.1 Armour
 - Level 3.2 Dodging
 - Level 10.1 Invocations
 * Level 4.0 Evocations


You had 11 spell levels left.
You didn't know any spells.

Dungeon Overview and Level Annotations

Branches:
Dungeon (10/15)            Temple (1/1) D:6            Lair (3/8) D:8
    Orc (4/4) D:10
  Swamp: Lair:3-6    Shoals: Lair:3-6     Snake: Lair:3-6    Spider: Lair:3-6
    Elf: Orc:3-4

Altars:
Fedhas
Kikubaaqudgha
Makhleb
Nemelex Xobeh
Ru
Sif Muna
Xom
Zin
The Shining One
Beogh


Innate Abilities, Weirdness & Mutations

You reflexively headbutt those who attack you in melee.
You have a pair of horns on your head.
Space occasionally distorts in your vicinity.


Message History

You drop a trident of flaming.
You close the door.
A molten gargoyle opens the door.
Drink which item? (? for menu, Esc to quit)
You feel much better.
Use which ability? (? or * to list)
A demon appears!
You feel somewhat more hungry.
Your resistance to elements expires.
The molten gargoyle blasts magma at you!
The bolt of magma hits you!
* * * LOW HITPOINT WARNING * * *
Unknown command.
The molten gargoyle blasts magma at you!
The bolt of magma hits you!
* * * LOW HITPOINT WARNING * * *
The bolt of magma hits your cacodemon.
You swap places.
The molten gargoyle blasts magma at you!
The bolt of magma hits your cacodemon. The bolt of magma hits you!
You die...

≈§≈≈≈§..# .'.....+
#.§≈≈§≈≈≈ §§§≈≈≈≈.#
#98_8.# #.§≈≈§§≈§
§§≈≈≈≈..# #.....#
#.§≈§≈≈≈≈
§≈≈§§≈§§###++###'#
#.§§§§≈≈§
≈≈§§≈§§.#......#9#
#.≈≈≈≈≈≈≈
§≈§≈§≈≈.######.#.#
#.≈≈≈≈≈ ≈§≈≈≈≈≈.# #2#
#..≈ ≈≈≈§≈≈..# #.# #.≈
≈≈≈≈≈≈≈.# #@# ≈≈≈≈≈§..#
#.#
≈§≈≈≈§§.########+########
≈§≈≈§§§≈..§§§............
≈≈≈≈§≈§§§§§≈§≈≈≈≈≈≈≈§≈≈≈≈
≈≈≈≈§≈§§≈§§§§§§≈≈≈≈≈≈§≈≈
≈≈≈≈≈§≈≈§≈≈≈§≈§≈§≈≈≈≈≈≈≈
≈§≈§§§§§≈§§§§§§≈≈≈≈§≈§≈
≈≈§≈≈§§≈§§§≈≈§§≈≈≈§≈§


You could see a molten gargoyle and a friendly cacodemon.

Vanquished Creatures
  A hydra (D:8)
  2 hill giants (D:10)
  An orc sorcerer (Orc:2)
  A cyclops (D:9)
  A centaur zombie (D:10)
  A toenail golem (Volcano)
  An efreet (Volcano)
  A komodo dragon (Lair:1)
  2 trolls
  2 red devils (Volcano)
  Grinder (D:6)
  Prince Ribbit (D:6)
  3 blink frogs (Lair:2)
  A basilisk (Lair:1)
  15 yaks
  A wyvern (Lair:2)
  2 hippogriffs
  4 wargs
  6 wolves (Lair:1)
  A hell hound (Volcano)
  4 porcupines
  2 water moccasins
  3 centaurs
  3 sky beasts
  8 ogres
  6 orc warriors
  3 phantoms
  2 black bears
  5 crocodiles
  13 big kobolds (D:8)
  Sigmund (D:3)
  Duvessa (D:6)
  7 giant frogs
  3 wights (D:8)
  8 killer bees
  An electric eel (Lair:1)
  3 crimson imps
  A goliath beetle (D:6)
  Dowan (D:6)
  12 hounds
  2 jellies
  16 orc priests
  2 quasits
  3 iguanas
  Natasha (thrice) (D:3)
  22 orc wizards
  5 worker ants
  7 sheep
  Ijyb (D:2)
  A hound zombie (D:7)
  Terence (D:3)
  A mummy (D:9)
  2 worker ant zombies
  3 gnolls (D:4)
  14 adders
  2 shadow imps
  28 river rats
  5 giant mites
  2 worms
  3 adder zombies
  2 adder skeletons
  2 oozes (D:2)
  113 orcs
  7 giant cockroaches
  18 goblins
  18 hobgoblins
  40 kobolds
  2 quokkas
  5 ball pythons (Sewer)
  11 bats
  10 giant geckos
  A giant gecko skeleton (D:6)
  7 giant newts
  A giant spore (D:7)
  8 jackals
  A quokka skeleton (D:9)
  17 rats
  19 ballistomycetes
  A fungus (Lair:1)
541 creatures vanquished.

Vanquished Creatures (collateral kills)
  A spiny frog (Lair:2)
  2 blink frogs (Lair:2)
3 creatures vanquished.

Vanquished Creatures (others)
  A scorpion (D:7)
  4 giant spores
5 creatures vanquished.

Grand Total: 549 creatures vanquished

Notes
Turn   | Place    | Note
--------------------------------------------------------------
     0 | D:1      | BluebellGnoll, the Minotaur Gladiator, began the quest for the Orb.
     0 | D:1      | Reached XP level 1. HP: 18/18 MP: 1/1
     0 | D:1      | Noticed an orb of fire
     0 | D:1      | Noticed an orb of fire
     1 | D:1      | Noticed a tentacled monstrosity
     3 | D:1      | Noticed an iron dragon
     5 | D:1      | Noticed a large abomination
     7 | D:1      | Noticed a green draconian
    10 | D:1      | Noticed a green draconian
    10 | D:1      | Noticed an orb of fire
    12 | D:1      | Noticed an iron dragon
    14 | D:1      | Noticed a large abomination
    14 | D:1      | Noticed an iron dragon
    16 | D:1      | Noticed a tentacled monstrosity
    16 | D:1      | Noticed a large abomination
    16 | D:1      | Noticed an orb of fire
    18 | D:1      | Noticed an ice dragon
   261 | D:1      | Reached XP level 2. HP: 24/26 MP: 1/1
   508 | D:2      | Noticed Ijyb
   520 | D:2      | Killed Ijyb
   520 | D:2      | Reached skill level 4 in Fighting
   520 | D:2      | Reached XP level 3. HP: 24/34 MP: 2/2
   754 | D:2      | Found a sparkling altar of Nemelex Xobeh.
   887 | D:2      | Reached skill level 5 in Fighting
  1353 | D:2      | Reached XP level 4. HP: 42/42 MP: 2/2
  1459 | D:2      | Found a deep blue altar of Sif Muna.
  1541 | D:3      | Found a glowing drain.
  1572 | Sewer    | Entered a sewer
  1716 | Sewer    | Reached skill level 5 in Axes
  1772 | Sewer    | Noticed a giant frog
  1778 | Sewer    | Killed a giant frog
  1778 | Sewer    | Reached XP level 5. HP: 34/48 MP: 2/2
  2007 | D:3      | Noticed Sigmund
  2017 | D:3      | Reached skill level 6 in Axes
  2021 | D:3      | Killed Sigmund
  2021 | D:3      | Reached XP level 6. HP: 46/56 MP: 3/3
  2048 | D:3      | Found a glowing silver altar of Zin.
  2050 | D:3      | Found a shimmering altar of Xom.
  2050 | D:3      | Found a blossoming altar of Fedhas.
  2050 | D:3      | Found a burning altar of Makhleb.
  2052 | D:3      | Found a glowing golden altar of the Shining One.
  2068 | D:3      | Became a worshipper of Makhleb the Destroyer
  2158 | D:3      | Reached skill level 7 in Axes
  2180 | D:3      | Noticed Terence
  2181 | D:3      | Noticed Natasha
  2190 | D:3      | Killed Natasha
  2200 | D:3      | Killed Terence
  2307 | D:3      | Noticed Natasha
  2313 | D:3      | Killed Natasha
  2492 | D:3      | Noticed Natasha
  2506 | D:3      | Killed Natasha
  2630 | D:4      | Reached skill level 8 in Axes
  2633 | D:4      | Acquired Makhleb's first power
  2745 | D:4      | Reached XP level 7. HP: 56/61 MP: 3/3
  2753 | D:4      | Found an ancient bone altar of Kikubaaqudgha.
  2775 | D:4      | Reached skill level 9 in Axes
  3124 | D:4      | Acquired Makhleb's second power
  3381 | D:5      | Entered Level 5 of the Dungeon
  4239 | D:6      | Noticed Prince Ribbit
  4290 | D:6      | Noticed Duvessa
  4290 | D:6      | Noticed Dowan
  4302 | D:6      | Killed Dowan
  4302 | D:6      | Reached XP level 8. HP: 27/73 MP: 3/3
  4303 | D:6      | Killed Duvessa
  4553 | D:6      | Acquired Makhleb's third power
  4670 | D:6      | Killed Prince Ribbit
  4797 | D:6      | Reached skill level 10 in Fighting
  4807 | D:6      | Gained mutation: Space occasionally distorts in your vicinity. [mutagenic meat]
  4951 | D:6      | Noticed Grinder
  4957 | D:6      | Paralysed by Grinder for 6 turns
  4968 | D:6      | Killed Grinder
  4968 | D:6      | Reached skill level 11 in Fighting
  4968 | D:6      | Reached XP level 9. HP: 53/89 MP: 4/4
  5054 | D:6      | Found a staircase to the Ecumenical Temple.
  5068 | Temple   | Entered the Ecumenical Temple
  5381 | D:7      | Reached skill level 13 in Armour
  5381 | D:7      | Reached XP level 10. HP: 96/96 MP: 4/4
  5722 | D:7      | Reached skill level 1 in Invocations
  5772 | D:7      | Acquired Makhleb's fourth power
  6614 | D:8      | Found a staircase to the Lair.
  7059 | D:8      | Reached skill level 5 in Invocations
  7066 | D:8      | Acquired Makhleb's fifth power
  7356 | D:8      | Noticed a three-headed hydra
  7366 | D:8      | Killed a three-headed hydra
  7550 | D:9      | Noticed a cyclops
  7564 | D:9      | Killed a cyclops
  7564 | D:9      | Reached XP level 11. HP: 58/102 MP: 16/18
  8168 | D:10     | Entered Level 10 of the Dungeon
  8277 | D:10     | Noticed a hill giant
  8287 | D:10     | Killed a hill giant
  8352 | D:10     | Found a sacrificial altar of Ru.
  8740 | D:10     | Reached skill level 10 in Invocations
  8782 | D:10     | Noticed a hill giant
  8797 | D:10     | Killed a hill giant
  8928 | D:10     | Found a staircase to the Orcish Mines.
  8957 | D:10     | Reached skill level 10 in Axes
  9213 | Lair:1   | Entered Level 1 of the Lair of Beasts
 10195 | Lair:2   | Reached skill level 1 in Evocations
 10446 | Lair:2   | Reached XP level 12. HP: 32/112 MP: 22/22
 11495 | Orc:1    | Entered Level 1 of the Orcish Mines
 12338 | Orc:2    | Found a roughly hewn altar of Beogh.
 12668 | Orc:3    | Found a burning altar of Makhleb.
 12848 | Orc:4    | Entered Level 4 of the Orcish Mines
 13037 | Orc:4    | Reached skill level 5 in Throwing
 13127 | Orc:3    | Found a dark tunnel.
 13137 | Volcano  | Entered a volcano
 13535 | Volcano  | Found a bloodstained altar of Trog.
 13577 | Volcano  | Killed from afar by a molten gargoyle

Action                   |  1- 3 |  4- 6 |  7- 9 | 10-12 || total
-------------------------+-------+-------+-------+-------++-------
Melee: War axe           |    75 |   136 |   206 |   751 ||  1168
Throw: Throwing net      |       |     3 |     3 |       ||     6
       Stone             |       |       |     1 |       ||     1
       Tomahawk          |       |       |       |   118 ||   118
Invok: Greater Servant o |       |       |       |     2 ||     2
       Major Destruction |       |       |       |     1 ||     1
Evoke: Wand              |       |       |       |     9 ||     9
  Use: Potion            |     1 |       |     4 |     2 ||     7
       Scroll            |     2 |    12 |     8 |    10 ||    32
 Stab: Confused          |       |       |       |     4 ||     4
  Eat: Chunk             |     1 |     5 |    10 |    24 ||    40
       Bread ration      |       |       |       |     1 ||     1
       Pizza             |       |       |       |     1 ||     1
